 Dungeon Crawl Stone Soup version 0.30-a0-782-ge64f9170bb (webtiles) character file.

Game seed: 13462730723907092288

1659 Dirtsage the Cleaver (level 8, -20/58 HPs)
             Began as a Demonspawn Fighter on Mar 2, 2023.
             Was an Initiate of Okawaru.
             Killed from afar by an acid dragon (28 damage)
             ... with a splash of acid
             ... on level 6 of the Dungeon.
             The game lasted 00:13:47 (5427 turns).

Dirtsage the Cleaver (Demonspawn Fighter)           Turns: 5427, Time: 00:13:48

Health: -20/58     AC:  9    Str: 18    XL:     8   Next: 68%
Magic:  0/8        EV: 10    Int: 10    God:    Okawaru [......]
Gold:   324        SH:  4    Dex: 13    Spells: 7/7 levels left

rFire   . . .      SeeInvis .    a - +0 war axe
rCold   + . .      Faith    .    c - +0 buckler
rNeg    . . .      Spirit   +    o - +1 ring mail "Xeilisk" {rC+ Slay+2}
rPois   .          Reflect  .    (helmet restricted)
rElec   .          Harm     .    (no cloak)
rCorr   .          Rampage  .    j - +1 pair of gloves
Will    .....                    y - +0 pair of boots
Stlth   +                        (no amulet)
HPRegen 0.29/turn                (no ring)
MPRegen 0.22/turn                (no ring)

@: no status effects
A: antennae 2, magic shield, magic regeneration
a: Renounce Religion


You were on level 6 of the Dungeon.
You worshipped Okawaru.
Okawaru was noncommittal.
You visited 2 branches of the dungeon, and saw 7 of its levels.
You also visited: Sewer.

You collected 324 gold pieces.

Inventory:

Hand Weapons
 a - a +0 war axe (weapon)
Armour
 b - a +0 scale mail
 c - a +0 buckler (worn)
 j - a +1 pair of gloves (worn)
 o - the +1 ring mail "Xeilisk" (worn) {rC+ Slay+2}
   (You found it on level 3 of the Dungeon)

   Slay:      It affects your accuracy & damage with ranged weapons and melee
   (+2).
   rC:        It protects you from cold.
 r - a +2 kite shield
 y - a +0 pair of boots (worn)
Jewellery
 W - a ring of wizardry
Wands
 f - a wand of mindburst (10)
 h - a wand of polymorph (27)
 p - a wand of roots (2)
 u - a wand of paralysis (6)
Scrolls
 g - 3 scrolls of vulnerability
 i - a scroll of identify
 k - a scroll of magic mapping
 n - a scroll of poison {unknown}
Potions
 d - 4 potions of might
 e - 4 potions of mutation
 l - a potion of lignification {unknown}
 m - 2 potions of ambrosia {unknown}
 q - 2 potions of curing
 s - a potion of resistance {unknown}
 v - a potion of flight {unknown}
 x - 2 potions of degeneration {unknown}
 z - a potion of brilliance {unknown}
Miscellaneous
 w - a phial of floods (inert)


   Skills:
 - Level 3.0 Fighting
 + Level 10.3 Axes
 - Level 2.6 Armour
 - Level 2.6 Shields


You had 7 spell levels left.
You didn't know any spells.
Your spell library contained the following spells:

 Spells                   Type           Power      Damage    Failure   Level
 Beastly Appendage        Tmut           0%         N/A       65%         1
 Lesser Beckoning         Tloc           0%         N/A       80%         2
 Wereblood                Tmut           0%         N/A       80%         2
 Gell's Gravitas          Tloc           0%         N/A       95%         3
 Spider Form              Tmut/Pois      0%         N/A       95%         3
 Teleport Other           Tloc           0%         N/A       95%         3


Dungeon Overview and Level Annotations

Branches:
Dungeon (6/15)             Temple (1/1) D:6           Sewer (visited)

Altars:
Ashenzari
Cheibriados
Fedhas
Gozag
Kikubaaqudgha
Makhleb
Okawaru
Ru
Xom
Yredelemnul

Shops:
D:4 (

Annotations:
D:5 3 runed translucent doors, wogdood's ghost, novice DsBe
D:6 Dowan; Duvessa


Innate Abilities, Weirdness & Mutations

You have a pair of antennae on your head.
When hurt, damage is shared between your health and your magic reserves.
You regenerate magic rapidly.


Message History

The acid dragon claws you but does no damage.
You take 5 damage, and have 53/58 hp.
You now have 7/8 mp.
You hit the acid dragon.
The acid dragon is moderately wounded.
The acid dragon bites you!
The acid dragon claws you but does no damage.
You take 8 damage, and have 45/58 hp.
You now have 6/8 mp.
You slash the acid dragon!
The acid dragon is heavily wounded.
The acid dragon bites you. The acid dragon barely misses you.
You take 2 damage, and have 43/58 hp.
You hit the acid dragon.
The acid dragon is heavily wounded.
The acid dragon bites you. The acid dragon closely misses you.
You take 6 damage, and have 37/58 hp.
You closely miss the acid dragon.
The acid dragon is heavily wounded.
The acid dragon spits acid at you. The splash of acid hits you!
You take 12 damage, and have 25/58 hp.
MASSIVE DAMAGE!!
You now have 4/8 mp.
You closely miss the acid dragon.
The acid dragon is heavily wounded.
The acid dragon barely misses you. The acid dragon claws you.
You take 1 damage, and have 24/58 hp.
You slash the acid dragon!
The acid dragon is almost dead.
The acid dragon spits acid at you. The splash of acid hits you!
* * * LOW HITPOINT WARNING * * *
You take 15 damage, and have 9/58 hp.
MASSIVE DAMAGE!!
You now have 2/8 mp.
You barely miss the acid dragon.
The acid dragon is almost dead.
You block the acid dragon's attack. The acid dragon claws you.
* * * LOW HITPOINT WARNING * * *
You take 1 damage, and have 8/58 hp.
You now have 1/8 mp.
You closely miss the acid dragon.
The acid dragon is almost dead.
The acid dragon spits acid at you. The splash of acid hits you!!
You die...

##....# ##)#
###.....#
#.#
##.......#
#..
###....##..#
#..
#....####..#
#.. #..###
#..# #..
#### #..#
#.). #..#
#... #.@#
##..
#.#D......
#..#
#.........
#..#
#.........
#..
#.#..^.... #
..########
.. ##


You could see an acid dragon (catching breath).

Vanquished Creatures
  Prince Ribbit (D:6)
  2 ice beasts (D:5)
  Pargi (Sewer)
  An ogre (D:5)
  A phantom (D:6)
  2 necrophages
  4 scorpions
  A wight (Temple)
  4 hounds
  3 gnoll boudas
  3 jellies (D:5)
  2 iguanas
  3 orc wizards
  5 gnolls
  8 adders
  2 shadow imps (D:6)
  3 worms
  A dart slug (D:1)
  13 orcs
  5 endoplasms
  5 goblins
  6 hobgoblins
  6 jackals
  A quokka (D:2)
  6 ball pythons
  14 bats
  4 frilled lizards
  8 kobolds
  2 rats
117 creatures vanquished.

Vanquished Creatures (others)
  41 plants (D:5)
41 creatures vanquished.

Grand Total: 158 creatures vanquished

Notes
Turn   | Place    | Note
-------+----------+-------------------------------------------
     0 | D:1      | Dirtsage the Demonspawn Fighter began the quest for the
                  | Orb.
     0 | D:1      | Reached XP level 1. HP: 18/18 MP: 1/1
    79 | D:1      | Reached skill level 2 in Axes
   216 | D:1      | Gained mutation: You have a pair of small antennae on your
                  | head. [demonic ancestry]
   216 | D:1      | Reached XP level 2. HP: 24/24 MP: 2/2
   872 | D:2      | Reached skill level 3 in Axes
   915 | D:2      | Reached XP level 3. HP: 29/29 MP: 3/3
  1007 | D:2      | Reached skill level 4 in Axes
  1007 | D:2      | Gained mutation: You regenerate magic rapidly. [demonic
                  | ancestry]
  1007 | D:2      | Reached XP level 4. HP: 35/35 MP: 4/4
  1465 | D:3      | Identified the +1 ring mail "Xeilisk" {rC+ Slay+2}
  1905 | D:3      | Gained mutation: When hurt, damage is shared between your
                  | health and your magic reserves. [demonic ancestry]
  1905 | D:3      | Reached XP level 5. HP: 21/41 MP: 5/5
  1997 | D:3      | Found a blossoming altar of Fedhas.
  1997 | D:3      | Found an ancient bone altar of Kikubaaqudgha.
  2747 | D:4      | Found Otojyme's Antique Weapon Shoppe.
  2878 | D:4      | Found a broken altar of Ashenzari.
  3070 | D:4      | Reached skill level 5 in Axes
  3107 | D:5      | Entered Level 5 of the Dungeon
  3107 | D:5      | Noticed an ice beast
  3178 | D:5      | Noticed an ice beast
  3192 | D:5      | Killed an ice beast
  3193 | D:5      | Reached XP level 6. HP: 13/47 MP: 0/6
  3206 | D:4      | Reached skill level 6 in Axes
  3268 | D:5      | Found a glowing drain.
  3278 | Sewer    | Entered a sewer
  3366 | Sewer    | Noticed Pargi
  3371 | Sewer    | Killed Pargi
  3372 | Sewer    | Reached skill level 7 in Axes
  3372 | Sewer    | Gained mutation: You have a pair of antennae on your head.
                  | [demonic ancestry]
  3372 | Sewer    | Reached XP level 7. HP: 52/52 MP: 7/7
  3969 | D:5      | Noticed wogdood's ghost (novice DsBe)
  4006 | D:5      | Found a runed translucent gate.
  4006 | D:5      | Found a runed translucent gate.
  4006 | D:5      | Found a runed translucent gate.
  4081 | D:5      | Reached skill level 8 in Axes
  4090 | D:5      | Found an opulent altar of Gozag.
  4509 | D:5      | Reached XP level 8. HP: 36/58 MP: 5/8
  4598 | D:6      | Reached skill level 9 in Axes
  4751 | D:6      | Identified the +2 robe of Hoanoi Ysso {rF+ Str+2 Dex-2}
  4913 | D:6      | Noticed Dowan
  4922 | D:6      | Noticed Duvessa
  5054 | D:6      | Found a staircase to the Ecumenical Temple.
  5065 | Temple   | Entered the Ecumenical Temple
  5088 | Temple   | Became a worshipper of Warmaster Okawaru
  5273 | D:6      | Noticed Prince Ribbit
  5281 | D:6      | Killed Prince Ribbit
  5282 | D:6      | Reached skill level 10 in Axes
  5427 | D:6      | Killed from afar by an acid dragon

Illustrated notes

Levels and vault maps discovered:
D:1:      minmay_arrival_nine_rooms, layout_basic, minmay_tromino_i2
D:2:      layout_rooms
D:3:      layout_basic, grunt_temple_overflow_growth_and_decay,
          kennysheep_generic_room_7
D:4:      layout_loops_ring, mainiacjoe_overflow_tiny_flanked, serial_shops,
          shop, grunt_decor_fettered, chequers_serial_rivers_micro_c,
          kennysheep_doodads, nicolae_concentric_dashed_squares_mild
D:5:      layout_loops_ring, nicolae_gozag_cash_rules_everything_around_me,
          cheibrodos_sewer_entry_bend, gammafunk_ghost_icy, serial_bayou,
          serial_bayou_shore_a, serial_bayou_lake_a, serial_bayou_crossing,
          serial_bayou_pond_c, minmay_bent
D:6:      layout_cave_pods, temple_fountains, kennysheep_generic_room_3,
          uniq_duvessa, uniq_prince_ribbit1
Temple:   eino_wide_crystal_templ

Skill      XL: |  1  2  3  4  5  6  7  8 |
---------------+-------------------------+-----
Axes           | 2 3 4 5 7 8 10 | 10.3
Fighting       | |  3.0
Armour         | |  2.6
Shields        | |  2.6

Action                     |  1- 3 |  4- 6 |  7- 9 || total
---------------------------+-------+-------+-------++-------
  Melee: War axe           |    69 |   174 |   147 ||   390
  Evoke: Wand              |       |       |     3 ||     3
         Phial of floods   |       |       |     1 ||     1
    Use: Scroll            |       |     1 |     8 ||     9
         Potion            |       |     1 |       ||     1
 Armour: Scale mail        |    27 |     9 |       ||    36
         Ring mail         |       |    74 |    60 ||   134
  Dodge: Dodged            |    33 |    96 |    70 ||   199
  Block: Buckler           |    26 |    46 |    37 ||   109

Table legend: (Time is in decaauts)
 A = Elapsed time spent in this place.
 B = Non-inter-level travel time spent in this place.
 C = Inter-level travel time spent in this place.
 D = Time resting spent in this place.
 E = Time spent auto-exploring this place.
 F = Levels seen in this place.
 G = Mean time per level.
                   A        B        C        D        E       F      G
               +--------+--------+--------+--------+--------+-----+--------+
         Total |   5595 |   5433 |    162 |    451 |   3939 |   8 |  699.4 |
       Dungeon |   5411 |   5263 |    148 |    451 |   3848 |   6 |  901.8 |
        Temple |     39 |     25 |     14 |      0 |      9 |   1 |   39.0 |
         Sewer |    145 |    145 |      0 |      0 |     82 |   1 |  145.0 |
               +--------+--------+--------+--------+--------+-----+--------+

Top non-repeatable levels by time:
     D:5: 1462 daAuts
     D:3: 1014 daAuts
     D:1: 871 daAuts
     D:4: 762 daAuts
     D:6: 715 daAuts
     D:2: 585 daAuts
   Sewer: 145 daAuts
  Temple: 39 daAuts
